 Dungeon Crawl Stone Soup version 0.23.2-11-gf996548c65 (webtiles) character file.

Game seed: 9763572447571762365

52 Revguard the Skirmisher (level 3, -4/36 HPs)
             Began as a Gargoyle Fighter on June 6, 2019.
             Slain by Crazy Yiuf
             ... wielding a +4 quarterstaff of chaos
              (9 damage)
             ... while paralysed by Crazy Yiuf
             ... on level 2 of the Dungeon.
             The game lasted 00:02:48 (1226 turns).

Revguard the Skirmisher (Gargoyle Fighter)          Turns: 1226, Time: 00:02:49

Health: -4/36      AC: 12    Str: 24    XL:     3   Next: 85%
Magic:  3/3        EV:  2    Int:  8    God:
Gold:   88         SH:  0    Dex: 10    Spells: 2/2 levels left

rFire    . . .     SeeInvis .   a - +0 war axe
rCold    . . .     Gourm    .   c - +0 shield
rNeg     + + .     Faith    .   b - +0 scale mail
rPois    ∞         Spirit   .   (no helmet)
rElec    +         Reflect  +   (no cloak)
rCorr    .         Harm     .   (no gloves)
MR       .....                  e - +1 pair of boots
Stlth    ..........             l - +3 amulet of reflection
HPRegen  0.12/turn              k - ring of positive energy
MPRegen  0.08/turn              (no ring)

@: paralysed, berserking
A: negative energy resistance 1, electricity resistance, unbreathing,
petrification resistance, rot immunity, AC +3
a: no special abilities


You were on level 2 of the Dungeon.
You were not hungry.

You visited 1 branch of the dungeon, and saw 2 of its levels.

You collected 88 gold pieces.

Inventory:

Hand Weapons
 a - a +0 war axe (weapon)
Armour
 b - a +0 scale mail (worn)
 c - a +0 shield (worn)
 e - a +1 pair of boots (worn)
Jewellery
 k - a ring of positive energy (left hand)
 l - a +3 amulet of reflection (around neck)
Scrolls
 g - 3 scrolls of amnesia {unknown}
 h - 2 scrolls of remove curse {unknown}
 m - a scroll of teleportation {unknown}
 p - a scroll of blinking {unknown}
Potions
 d - a potion of might
 i - a potion of cancellation
 j - 2 potions of flight
 o - 2 potions of curing
Comestibles
 f - 3 rations
 n - 2 chunks of flesh


   Skills:
 + Level 3.8 Fighting
 + Level 2.6 Axes
 + Level 3.5 Armour
 + Level 3.8 Shields


You had 2 spell levels left.
You didn't know any spells.
Your spell library was empty.

Dungeon Overview and Level Annotations

Branches:
Dungeon (2/15)

Altars:

Annotations:
D:2 Crazy Yiuf


Innate Abilities, Weirdness & Mutations

You are resistant to torment.
Your stone body is resilient. (AC +3)
You are immune to poison.
You resist negative energy. (rN+)
You are resistant to electric shocks. (rElec)
You can survive without breathing.
You are immune to petrification.
You are immune to rotting.


Message History

Crazy Yiuf shouts!
You open the door.
Your shield and scale mail prevent you from hitting Crazy Yiuf.
You block Crazy Yiuf's attack.
Crazy Yiuf hits you with a +4 quarterstaff of chaos.
A red film seems to cover your vision as you go berserk!
You feel yourself moving faster!
You feel mighty!
Your shield prevents you from hitting Crazy Yiuf.
Crazy Yiuf hits you with a +4 quarterstaff of chaos!
You suddenly lose the ability to move!
Crazy Yiuf screams, "Fire!
Whippet sing-song verde."
Crazy Yiuf hits you with a +4 quarterstaff of chaos.
Crazy Yiuf hits you but does no damage.
Crazy Yiuf hits you with a +4 quarterstaff of chaos!
* * * LOW HITPOINT WARNING * * *
Crazy Yiuf burns you.
* * * LOW HITPOINT WARNING * * *
Crazy Yiuf waves his quarterstaff at you.
Crazy Yiuf hits you with a +4 quarterstaff of chaos!
You die...

#...##
######...##
#..........
#####
#.####.....
#..)#
#.#.<+.....
#...#
#.#.##)....
...
#.#........
#g#
#.#.#######
♣♣@♣
#.#.####
♣.♣♣
#(#....#
♣♣.♣
#.#....#
♣.♣♣
#.#....#
♣♣.♣♣
##.###.##
♣..P♣♣ #..#
#.#####
♣.P..♣ #..#
#.#....
#....# #..#
#.#.###
#####....##
#..###.#.#.#


You could see Crazy Yiuf.

Vanquished Creatures
  An adder (D:2)
  An ooze (D:2)
  3 dart slugs
  A leopard gecko (D:2)
  2 giant cockroaches
  3 hobgoblins
  3 jackals (D:2)
  6 bats
  3 frilled lizards (D:1)
  3 goblins
  5 kobolds
  3 rats
34 creatures vanquished.

Notes
Turn   | Place    | Note
-------+----------+-------------------------------------------
     0 | D:1      | Revguard the Gargoyle Fighter began the quest for the Orb.
     0 | D:1      | Reached XP level 1. HP: 14/14 MP: 1/1
   213 | D:1      | Reached XP level 2. HP: 17/19 MP: 2/2
   816 | D:2      | Reached XP level 3. HP: 23/24 MP: 3/3
  1215 | D:2      | Found a runed translucent door.
  1216 | D:2      | Noticed Crazy Yiuf
  1221 | D:2      | Paralysed by Crazy Yiuf for 7 turns
  1226 | D:2      | Slain by Crazy Yiuf

Skill      XL: |  1 |
---------------+----+-----
Axes           | 2 |  2.6
Fighting       | |  3.8
Armour         | |  3.5
Shields        | |  3.8

Action                   || total
-------------------------++-------
Melee: War axe           ||   107
  Use: Potion            ||     5
       Scroll            ||     2
  Eat: Chunk             ||     1
Armor: Scale mail        ||    58
Dodge: Dodged            ||    27
Block: Shield            ||    64
       Reflection        ||     5
